 Dungeon Crawl Stone Soup version 0.28-a0-537-g3bccd9ccbf (webtiles) character file.

Game seed: 4265645285495639608

82 SkeletonJelly the Skirmisher (level 4, -3/38 HPs)
             Began as a Ghoul Artificer on Sept 28, 2021.
             Was a Believer of Dithmenos.
             Slain by Sigmund (4 damage)
             ... on level 3 of the Dungeon.
             The game lasted 00:05:44 (3606 turns).

SkeletonJelly the Skirmisher (Ghoul Artificer)      Turns: 3606, Time: 00:05:44

Health: -3/38      AC:  6    Str: 16    XL:     4   Next: 43%
Magic:  3/3        EV: 11    Int:  6    God:    Dithmenos [**....]
Gold:   46         SH:  0    Dex:  9    Spells: 3/3 levels left

rFire   . . .      SeeInvis .   r - +0 short sword
rCold   + . .      Faith    .   (no shield)
rNeg    + + +      Spirit   .   b - +0 leather armour
rPois   ∞          Reflect  .   s - +2 helmet
rElec   .          Harm     .   (no cloak)
rCorr   .          Rampage  .   (no gloves)
Will    .....                   (no boots)
Stlth   ++........              (no amulet)
HPRegen 0.00/turn               (no ring)
MPRegen 0.08/turn               (no ring)

@: inhibited regen, wreathed by umbra
A: claws 1, cold resistance 1, negative energy resistance 3, inhibited
regeneration, torment resistance 2
a: Renounce Religion, Shadow Step


You were on level 3 of the Dungeon.
You worshipped Dithmenos.
Dithmenos was pleased with you.
You visited 1 branch of the dungeon, and saw 3 of its levels.

You collected 46 gold pieces.

Inventory:

Hand Weapons
 a - a +0 club
 l - a +0 hand axe
 m - a +0 dagger
 r - a +0 short sword (weapon)
Armour
 b - a +0 leather armour (worn)
 s - a +2 helmet (worn)
Wands
 c - a wand of flame (13) (quivered)
 d - a wand of charming (11)
Scrolls
 h - a scroll of immolation {unknown}
 j - 2 scrolls of magic mapping {unknown}
 k - a scroll of amnesia {unknown}
 n - a scroll of torment {unknown}
Potions
 f - 2 potions of berserk rage {unknown}
 g - 2 potions of curing {unknown}
 i - a potion of haste {unknown}
 o - a potion of lignification {unknown}
 p - a potion of cancellation {unknown}
 q - 2 potions of flight {unknown}
Miscellaneous
 e - a piece from Xom's chessboard (12/15)


   Skills:
 - Level 3.5 Fighting
 * Level 1.6 Short Blades
 - Level 1.7 Armour
 - Level 0.8 Dodging
 + Level 1.9 Stealth
 - Level 2.6 Evocations


You had 3 spell levels left.
You didn't know any spells.
Your spell library contained the following spells:

 Spells                   Type           Power      Damage    Failure   Level
 Mephitic Cloud           Conj/Pois/Air  0%         N/A       88%         3
 Leda's Liquefaction      Hex/Erth       0%         N/A       99%         4
 Yara's Violent Unravell  Hex/Tmut       0%         3d3       100%        5


Dungeon Overview and Level Annotations

Branches:
Dungeon (3/15)

Altars:
Dithmenos

Annotations:
D:3 Sigmund


Innate Abilities, Weirdness & Mutations

You thrive by killing the living.
You are immune to poison.
You have sharp fingernails.
Your flesh is cold resistant. (rC+)
You are immune to negative energy. (rN+++)
You do not regenerate when monsters are visible.
You are immune to unholy pain and torment.


Message History

No reachable target in view!
The wight hits the bush with a +0 halberd!
The wight hits the bush but does no damage.
A wight comes into view. It is wielding a +0 short sword.
The wight hits the bush but does no damage.
A wight comes into view.
It is wielding a +2 dire flail of freezing.
The wight hits the bush with a +0 halberd.
There is an escape hatch in the ceiling here.
The wight hits the bush but does no damage.
A mysterious force pulls you upwards. The hatch slams shut behind you.
There is a stone staircase leading down here.
You climb downwards.
Found a scroll labelled WIZIVO MUECU.
Found a shadowy altar of Dithmenos.
There is a stone staircase leading up here.
You make a move on Xom's chessboard...
Sigmund shouts!
Sigmund twists and deforms.
You make a move on Xom's chessboard...
Sigmund twists and deforms.
A dart slug comes into view.
You make a move on Xom's chessboard...
Sigmund is moving more slowly.
Unknown command.
An orc comes into view. It is wielding a +0 flail.
Sigmund mumbles some strange words.
Sigmund flickers and vanishes!
Deactivating autopickup; reactivate with Ctrl-A.
Aiming: Throw Flame
Press: ? - help, Shift-Dir - straight line The puff of flame hits something.
The orc shouts!
A goblin comes into view. It is wielding a +0 dagger.
Aiming: Throw Flame
Press: ? - help, Shift-Dir - straight line The puff of flame hits something.
The goblin shouts!
A puff of flame appears from out of thin air!
The puff of flame hits you!
The goblin unwields a +0 dagger.
The goblin wields a +0 vorpal hunting sling.
The goblin shoots a stone.
The stone hits you.
You take 14 damage, and have 24/38 hp.
MASSIVE DAMAGE!!
The dart slug launches a dart at you. The slug dart hits you.
You take 2 damage, and have 22/38 hp.
You hit something. You barely miss something. You hit something.
The dart slug launches a dart at you. The slug dart misses you.
You hit something. You hit something. The orc hits you with a +0 flail.
The dart slug misses you.
You take 3 damage, and have 19/38 hp.
Aiming: Charm
Press: ? - help, Shift-Dir - straight line, f - dart slug
Aim: a dart slug (umbra, chance to affect: 71%)
The dart slug struggles to resist.
The dart slug bites you but does no damage.
The orc hits you but does no damage.
Aiming: Charm
Press: ? - help, Shift-Dir - straight line, f/p - dart slug
Aim: a dart slug (umbra, chance to affect: 71%)
The dart slug struggles to resist.
The orc barely misses you. The dart slug bites you.
The goblin unwields a +0 vorpal hunting sling.
The goblin wields a +0 dagger.
The goblin closely misses you.
You take 1 damage, and have 18/38 hp.
Aiming: Charm
Press: ? - help, Shift-Dir - straight line, f/p - dart slug
Aim: a dart slug (umbra, chance to affect: 71%)
The dart slug is charmed.
The orc hits you but does no damage.
Aiming: Charm
Press: ? - help, Shift-Dir - straight line, f - orc, p - dart slug
Aim: an orc, wielding a +0 flail and wearing a +0 leather armour (umbra, chance to affect: 71%)
The orc is charmed.
The goblin hits you but does no damage.
You hit the goblin.
The goblin is heavily wounded.
The goblin hits you but does no damage.
Your dart slug closely misses the goblin.
You hit the goblin.
The goblin is severely wounded.
The goblin hits you but does no damage.
Your orc misses the goblin. You hit the goblin.
You kill the goblin!
Dithmenos accepts your kill.
You feel better.
You regained 4 hp, and now have 22/38 hp.
You barely miss something. Something hits you!
You take 8 damage, and have 14/38 hp.
MASSIVE DAMAGE!!
You hit something. You barely miss something. Something hits you.
You take 2 damage, and have 12/38 hp.
You miss something.
A stone appears from out of your range of vision.
The stone hits your dart slug. Something hits you!
* * * LOW HITPOINT WARNING * * *
You take 11 damage, and have 1/38 hp.
MASSIVE DAMAGE!!
You barely miss something.
A stone appears from out of your range of vision.
The stone hits your dart slug.
Your dart slug dies!
Something hits you.
You die...

## #.# ## #§
§._.§§
###§#.#§#§
#....#§§§
#.....#§##
#?.....§.# .###
#....@o..##.....
#......<......#
#....{...#....#
#........# ....g
#........# ..##
###+####.# .#
#.# .. ... #
####


You could see a friendly orc (charmed).

Vanquished Creatures
  An adder (D:2)
  A worm (D:2)
  2 dart slugs (D:1)
  5 ball pythons
  4 endoplasms
  A giant cockroach (D:2)
  5 goblins
  7 hobgoblins
  8 kobolds
  A quokka (D:2)
  5 bats
  6 frilled lizards
  23 rats
69 creatures vanquished.

Vanquished Creatures (others)
  A dart slug (D:3)
1 creature vanquished.

Grand Total: 70 creatures vanquished

Notes
Turn   | Place    | Note
-------+----------+-------------------------------------------
     0 | D:1      | SkeletonJelly the Ghoul Artificer began the quest for the
                  | Orb.
     0 | D:1      | Reached XP level 1. HP: 16/16 MP: 0/0
   263 | D:1      | Reached skill level 2 in Fighting
   264 | D:1      | Reached XP level 2. HP: 13/24 MP: 1/1
  1088 | D:1      | Reached skill level 3 in Fighting
  1191 | D:1      | Found a faded altar of an unknown god.
  1192 | D:1      | Noticed a great orb of eyes
  1197 | D:1      | Noticed an eye of devastation
  1201 | D:1      | Noticed a golden eye
  1212 | D:1      | Reached XP level 3. HP: 31/31 MP: 2/2
  1214 | D:1      | Noticed a shining eye
  1276 | D:1      | Got the Volume of Weightlessness and Beguiling
  2122 | D:1      | Became a worshipper of Dithmenos the Shadowed
  2122 | D:1      | Reached * piety under Dithmenos
  2682 | D:2      | Reached skill level 1 in Short Blades
  2852 | D:2      | Reached XP level 4. HP: 38/38 MP: 3/3
  3064 | D:2      | Reached ** piety under Dithmenos
  3579 | D:3      | Noticed Sigmund
  3579 | D:3      | Found a shadowy altar of Dithmenos.
  3604 | D:3      | HP: 1/38 [something (11)]
  3606 | D:3      | Slain by Sigmund

Illustrated notes

Levels and vault maps discovered:
D:1:      shiori_shiawase, layout_loops_corners,
          hellmonk_ecumenical_altar_watching_god, corexii_hall_statues_x
D:2:      layout_rooms, grunt_decor_mini_mirrors, minmay_rat_hole
D:3:      layout_basic, grunt_dithmenos_smoke_and_mirrors, minmay_hedge_maze,
          bh_walls_and_bars, uniq_sigmund

Skill      XL: |  1  2  3 |
---------------+----------+-----
Fighting       | 2 3 |  3.5
Short Blades   | 1 |  1.6
Armour         | |  1.7
Dodging        | |  0.8
Stealth        | |  1.9
Evocations     | |  2.6

Action                   |  1- 3 |  4- 6 || total
-------------------------+-------+-------++-------
Melee: Club              |   134 |       ||   134
       Dagger            |    67 |   151 ||   218
       Short sword       |       |    13 ||    13
Evoke: Wand              |       |     6 ||     6
       Piece from Xom's  |       |     3 ||     3
 Stab: Sleeping          |     1 |       ||     1
Armor: Leather armour    |    64 |    38 ||   102
Dodge: Dodged            |   124 |   137 ||   261

Table legend: (Time is in decaauts)
 A = Elapsed time spent in this place.
 B = Non-inter-level travel time spent in this place.
 C = Inter-level travel time spent in this place.
 D = Time resting spent in this place.
 E = Time spent auto-exploring this place.
 F = Levels seen in this place.
 G = Mean time per level.
                   A        B        C        D        E       F      G
               +--------+--------+--------+--------+--------+-----+--------+
         Total |   3633 |   3423 |    210 |      0 |   2779 |   3 | 1211.0 |
       Dungeon |   3633 |   3423 |    210 |      0 |   2779 |   3 | 1211.0 |
               +--------+--------+--------+--------+--------+-----+--------+

Top non-repeatable levels by time:
     D:1: 2215 daAuts
     D:2: 1342 daAuts
     D:3: 76 daAuts
